 Dungeon Crawl Stone Soup version 0.13-a0-1775-g6c024ba (webtiles) character file.

1127 Kae the Chiller (level 7, -1/36 HPs)
             Began as a Deep Elf Ice Elementalist on June 23, 2013.
             Slain by a quokka (2 damage)
             ... on Level 5 of the Dungeon.
             The game lasted 00:12:10 (4773 turns).

Kae the Chiller (Deep Elf Ice Elementalist)         Turns: 4773, Time: 00:12:10

HP  -1/36        AC  8     Str  7      XL: 7   Next: 76%
MP  14/22        EV 13     Int 20      God:
Gold 242         SH  0     Dex 15      Spells:  5 memorised,  3 levels left

Res.Fire  : + . .   See Invis. : .   K - +3,+2 whip (venom) (curse)
Res.Cold  : . . .   Warding    : .   a - +0 elf robe
Life Prot.: . . .   Conserve   : .   (no shield)
Res.Poison: .       Res.Corr.  : .   p - +0 orc helmet
Res.Elec. : .       Clarity    : .   F - +1 cloak
Sust.Abil.: . .     Spirit.Shd : .   o - +2 pair of gloves
Res.Mut.  : .       Stasis     : .   (no boots)
Res.Rott. : .       Flight     : .   J - amulet of rage
Saprovore : . . .                    (no ring)
                                     m - cursed ring of protection from fire

@: very slightly contaminated, slightly resistant to hostile enchantments,
fairly stealthy
A: no striking features
a: Evoke Berserk Rage


You were on level 5 of the Dungeon.
You were hungry.

You visited 1 branch of the dungeon, and saw 5 of its levels.
You also visited: Sewer.

You collected 222 gold pieces.

Inventory:

Hand weapons
 K - a cursed +3,+2 whip of venom (weapon)
Armour
 a - a +0 elven robe (worn)
 o - a +2 pair of gloves (worn)
 p - a +0 orcish helmet (worn)
 F - a +1 cloak (worn)
Magical devices
 I - a wand of frost (24)
 M - a wand of cold (6)
 P - a wand of magic darts (9)
Comestibles
 c - 4 bread rations
 h - 4 rotting chunks of orc flesh
 i - 2 rotting chunks of orc flesh
 j - an apple
 r - 2 cheeses
 E - an orange
 H - a choko
 O - a snozzcumber
Scrolls
 e - 4 scrolls of identify
 k - 2 scrolls of noise
 l - 2 scrolls of blinking
 n - a scroll of recharging
 t - a scroll of fog
 x - 2 scrolls of curse armour {unknown}
 y - 3 scrolls of teleportation
Jewellery
 m - a cursed ring of protection from fire (left hand)
 J - an amulet of rage (around neck)
Potions
 d - a potion of agility {unknown}
 f - a potion of slowing {unknown}
 g - a potion of beneficial mutation {unknown}
 s - 3 potions of might
 u - a potion of brilliance {unknown}
 v - 4 potions of curing
 w - a potion of heal wounds {unknown}
 z - a potion of magic {unknown}
 C - a potion of speed {unknown}
Books
 b - a book of Frost

   Spells                             Type                      Level
   *Freeze                            Ice                          1
   *Throw Frost                       Conjuration/Ice              2
   *Ozocubu's Armour                  Charms/Ice                   3
   *Throw Icicle                      Conjuration/Ice              4
   *Summon Ice Beast                  Ice/Summoning                4
   Condensation Shield                Ice                          4
 q - a book of Flames

   Spells                             Type                      Level
   Flame Tongue                       Conjuration/Fire             1
   Throw Flame                        Conjuration/Fire             2
   Conjure Flame                      Conjuration/Fire             3
   Inner Flame                        Hexes/Fire                   3
   Sticky Flame                       Conjuration/Fire             4
   Fireball                           Conjuration/Fire             5
 D - a book of Enchantments

   Spells                             Type                      Level
   Cause Fear                         Hexes                        4
   Silence                            Hexes/Air                    5
   Tukima's Dance                     Hexes                        5
   Deflect Missiles                   Charms/Air                   6
   Haste                              Charms                       6


   Skills:
 - Level 2.4 Dodging
 - Level 2.4 Stealth
 + Level 5.6 Spellcasting
 * Level 5.6 Conjurations
 * Level 6.9 Ice Magic


You had 3 spell levels left.
You knew the following spells:

 Your Spells              Type           Power        Failure   Level  Hunger
a - Freeze                Ice            ####         1%          1    None
b - Throw Frost           Conj/Ice       ####..       1%          2    None
c - Throw Icicle          Conj/Ice       ####....     10%         4    ####...
d - Ozocubu's Armour      Chrm/Ice       ###.......   10%         3    ##.....
e - Summon Ice Beast      Ice/Summ       ###.......   30%         4    ####...


Dungeon Overview and Level Annotations

Branches:
Dungeon (5/27)
 Temple: D:4-7

Altars:
Ashenzari
Cheibriados


Message History

The ogre is almost dead.
The ogre hits you with a great mace!
Ouch! That really hurt!
* * * LOW HITPOINT WARNING * * *
Casting: Freeze
Confirm with . or Enter, or press ? or * to list all spells.
Aiming: Freeze
Press: ? - help, Shift-Dir - straight line, f/p - ogre
Aim: an ogre, wielding a great mace (almost dead)
You freeze the ogre.
You kill the ogre!
Casting: Freeze
Confirm with . or Enter, or press ? or * to list all spells.
Aiming: Freeze
Press: ? - help, Shift-Dir - straight line, f - quokka
Aim: a quokka You miscast Freeze.
You are very lightly contaminated with residual magic.
Nothing appears to happen.
The quokka bites you.
You die...

... ......
.......
...... #
....#.# #.
...#. #. ...
#. #r#
#.####@# ##
#......# #<
######...####
#) #........#
#% #........#
# # #.
...####.###
..... #. #
####...#
..... #. #
#....##.##
#...# #.
#.#.....##.#
#...# ###.


You could see a quokka.

Vanquished Creatures
  A centaur (D:4)
  An ogre (D:5)
  Sigmund (D:2)
  A crimson imp (D:5)
  An orc priest (D:4)
  A hound (D:4)
  2 iguanas
  5 orc wizards
  An orange rat (Sewer)
  2 worker ants
  Ijyb (D:2)
  4 gnolls (D:4)
  3 adders
  A green rat (Sewer)
  2 worms (D:3)
  13 grey rats (Sewer)
  A bat skeleton (D:4)
  2 oozes
  7 giant geckos
  9 orcs
  6 ball pythons
  13 goblins
  11 hobgoblins
  10 kobolds
  3 quokkas
  11 bats
  8 giant cockroaches
  6 giant newts
  13 jackals
  17 rats
157 creatures vanquished.

Vanquished Creatures (others)
  An orc wizard (D:5)
  A rat (D:1)
2 creatures vanquished.

Grand Total: 159 creatures vanquished

Notes
Turn   | Place    | Note
--------------------------------------------------------------
     0 | D:1      | Kae, the Deep Elf Ice Elementalist, began the quest for the Orb.
     0 | D:1      | Reached XP level 1. HP: 10/10 MP: 4/4
   228 | D:1      | Reached XP level 2. HP: 6/15 MP: 1/7
   399 | D:1      | Learned a level 2 spell: Throw Frost
   578 | D:1      | Reached skill level 4 in Ice Magic
   910 | D:2      | Reached XP level 3. HP: 10/19 MP: 9/9
   935 | D:2      | Found a snail-covered altar of Cheibriados.
  1001 | D:2      | Noticed Sigmund
  1083 | D:3      | Reached XP level 4. HP: 15/24 MP: 7/13
  1343 | D:3      | Found a glowing drain.
  1394 | Sewer    | Entered a sewer
  1460 | Sewer    | Reached XP level 5. HP: 22/28 MP: 13/16
  1594 | Sewer    | Reached skill level 5 in Ice Magic
  2569 | D:2      | Found a shattered altar of Ashenzari.
  2752 | D:2      | Noticed Ijyb
  2767 | D:2      | Killed Ijyb
  2899 | D:2      | Killed Sigmund
  2899 | D:2      | Reached XP level 6. HP: 32/32 MP: 14/19
  3550 | D:4      | Reached skill level 6 in Ice Magic
  3592 | D:4      | Learned a level 4 spell: Throw Icicle
  3596 | D:4      | Learned a level 3 spell: Ozocubu's Armour
  3601 | D:4      | Learned a level 4 spell: Summon Ice Beast
  3641 | D:4      | Reached XP level 7. HP: 13/36 MP: 16/21
  3896 | D:4      | Reached skill level 5 in Spellcasting
  3896 | D:4      | Reached skill level 5 in Conjurations
  4362 | D:5      | Entered Level 5 of the Dungeon
  4771 | D:5      | HP: 1/36 [ogre/great mace (20)]
  4773 | D:5      | Slain by a quokka

Action                   |  1- 3 |  4- 6 |  7- 9 || total
-------------------------+-------+-------+-------++-------
Melee: Unarmed           |    42 |    72 |       ||   114
       Whip              |       |       |    37 ||    37
 Cast: Freeze            |    49 |   144 |    46 ||   239
       Throw Frost       |       |       |     7 ||     7
Evoke: Wand              |       |       |     2 ||     2
  Use: Potion            |       |     1 |       ||     1
       Scroll            |       |       |    14 ||    14
 Stab: Sleeping          |     1 |     6 |     2 ||     9
